 Dungeon Crawl Stone Soup version 0.13-a0-1693-g8ac13c1 (console) character file.

1522 Kellhus the Cleaver (level 8, -1/58 HPs)
             Began as a Mummy Chaos Knight on June 20, 2013.
             Was a Plaything of Xom.
             Slain by an ice beast (4 damage)
             ... on Level 6 of the Dungeon.
             The game lasted 00:15:14 (5607 turns).

Kellhus the Cleaver (Mummy Chaos Knight)            Turns: 5607, Time: 00:15:19

HP  -1/58        AC 17     Str 17      XL: 8   Next: 17%
MP   8/8         EV  4     Int 11      God: Xom
Gold 358         SH  0     Dex 11      Spells:  0 memorised,  7 levels left

Res.Fire  : . . .   See Invis. : .   a - +0,+1 hand axe (chaos) (curse) {=f}
Res.Cold  : + . .   Warding    : .   t - +0 plate armour
Life Prot.: + + +   Conserve   : .   (no shield)
Res.Poison: +       Res.Corr.  : .   E - +1 helmet of the Other World {Acc+3}
Res.Elec. : .       Clarity    : .   (no cloak)
Sust.Abil.: . .     Spirit.Shd : .   z - +0 pair of elf gauntlets
Res.Mut.  : .       Stasis     : .   (no boots)
Res.Rott. : +       Flight     : .   (no amulet)
Saprovore : . . .                    g - +4 ring of protection
                                     r - ring of protection from fire

@: somewhat resistant to hostile enchantments, extremely unstealthy
A: no food or potions, fire vulnerability, restore body, cold resistance 1, life
protection 3, poison resistance, torment resistance, unbreathing
a: Renounce Religion


You were on level 6 of the Dungeon.
You worshipped Xom.
You were a plaything of Xom.
You were not hungry.

You visited 1 branch of the dungeon, and saw 6 of its levels.
You also visited: Ossuary.

You collected 338 gold pieces.

Inventory:

Hand weapons
 a - a cursed +0,+1 hand axe of chaos (weapon) {=f}
 i - a +2,+0 whip of flaming
Armour
 b - a cursed +2 leather armour
 c - a cursed +0 orcish leather armour
 d - a +0 crested helmet
 p - a +0 plate armour
 t - a +0 plate armour (worn)
 z - a +0 pair of elven gauntlets (worn)
 E - the +1 helmet of the Other World (worn) {Acc+3}
   (You found it on level 6 of the Dungeon)

   It affects your accuracy (+3).
Magical devices
 h - a wand of polymorph (4)
 l - a wand of slowing (20)
 n - a wand of magic darts (17)
 q - a wand of frost (14)
 u - a wand of digging (11)
 v - a wand of slowing (14)
 w - a wand of confusion (0)
 B - a wand of fireball (4)
 D - a wand of confusion (7)
Scrolls
 e - a scroll of noise
 k - 2 scrolls of remove curse
 o - 5 scrolls of identify
 x - a scroll of fear
 y - a scroll of teleportation
Jewellery
 f - an uncursed ring of sustain abilities
 g - a +4 ring of protection (right hand)
 j - a +5 ring of strength
 m - an uncursed ring of protection from cold
 r - a ring of protection from fire (left hand)
 A - an uncursed ring of poison resistance
 C - an uncursed ring of protection from magic
Books
 s - a book of Enchantments

   Spells                             Type                      Level
   Cause Fear                         Hexes                        4
   Silence                            Hexes/Air                    5
   Tukima's Dance                     Hexes                        5
   Deflect Missiles                   Charms/Air                   6
   Haste                              Charms                       6


   Skills:
 - Level 3.0 Fighting
 + Level 8.3 Axes
 - Level 1.5 Armour
 - Level 0.7 Dodging


You had 7 spell levels left.
You didn't know any spells.

Dungeon Overview and Level Annotations

Branches:
Dungeon (6/27)
 Temple: D:4-7          Orc: D:6-11

Altars:
Nemelex Xobeh
Yredelemnul
Zin
the Shining One


Innate Abilities, Weirdness & Mutations

You do not eat or drink.
Your flesh is vulnerable to fire.
Your flesh is cold resistant.
You are immune to negative energy.
Your system is resistant to poisons.
You are immune to unholy pain and torment.
You can survive without breathing.


Message History

The ice beast is almost dead.
Xom makes a sudden noise!
You hear a twanging sound.
You hear an angry hiss.
The ice beast hits you.
* * * LOW HITPOINT WARNING * * *
The ice beast freezes you! You resist.
* * * LOW HITPOINT WARNING * * *
Unknown command.
Press: ? - help, v - describe, . - travel
Here: an ice beast (almost dead, berserk, slowly petrifying)
The floor.
You can't drink.
That item cannot be evoked!
You hit the ice beast.
The ice beast is almost dead.
The ice beast hits you.
* * * LOW HITPOINT WARNING * * *
The ice beast freezes you. You resist.
You die... "Boring in life, boring in death..."

#.#.###.)# #.#.......
#.#....#<.
##########.##.#.###
#...........#.#....
#.########..#.#####
#.# #..#.#
########.########..#.#
.........@I...........
########.####......###
#.# ###.## ..# ...
...# #.# ....# #.#
.....# #.# .....##
....


You could see an ice beast (berserk).

Vanquished Creatures
  Grinder (D:5)
  A brain worm (D:4)
  2 crimson imps (D:5)
  2 scorpions (D:4)
  2 hounds
  2 iguanas
  5 orc wizards
  2 worker ants
  Jessica (D:2)
  2 mummies (Ossuary)
  2 gnolls (D:2)
  3 adder zombies (Ossuary)
  A giant mite (D:2)
  9 adders
  An ufetubus (D:1)
  A worm (D:5)
  A bat skeleton (D:4)
  3 gnoll zombies
  3 giant geckos
  25 orcs
  A ball python (D:1)
  9 bats
  6 giant cockroaches
  12 hobgoblins
  4 jackals
  3 quokkas
  A giant gecko zombie (D:5)
  2 giant newts
  A giant newt skeleton (D:4)
  7 goblins
  5 hobgoblin zombies (Ossuary)
  6 kobolds
  5 kobold zombies (Ossuary)
  7 orc zombies (Ossuary)
  6 rats
  A rat zombie (D:4)
145 creatures vanquished.

Vanquished Creatures (collateral kills)
  A yellow wasp (D:5)
  2 ice beasts (D:5)
  A jelly (D:5)
  A gnoll (D:2)
5 creatures vanquished.

Vanquished Creatures (others)
  Edmund (D:6)
  2 slaves (D:4)
  A shadow imp (D:5)
  A white imp (D:5)
  A giant gecko (D:5)
  An orc (D:6)
  An orc zombie (D:3)
  A rat (D:4)
9 creatures vanquished.

Grand Total: 159 creatures vanquished

Notes
Turn   | Place    | Note
--------------------------------------------------------------
     0 | D:1      | Kellhus, the Mummy Chaos Knight, began the quest for the Orb.
     0 | D:1      | Reached XP level 1. HP: 16/16 MP: 1/1
   382 | D:1      | XOM: divination: magic mapping
   565 | D:1      | Reached XP level 2. HP: 22/22 MP: 2/2
   747 | D:1      | XOM is BORED!
   747 | D:1      | XOM: medium Pois miscast
   806 | D:1      | XOM: medium Hex miscast
   923 | D:1      | XOM: noise
  1029 | D:1      | XOM: stat loss: -1 Str (14/15)
  1057 | D:1      | XOM: enchant monster (bad)
  1097 | D:1      | XOM: summons 1 hostile demon
  1189 | D:1      | XOM: medium Divn miscast
  1385 | D:2      | Reached XP level 3. HP: 28/28 MP: 3/3
  1442 | D:2      | XOM: colour smoke trail
  1502 | D:2      | Noticed Jessica
  1508 | D:2      | Killed Jessica
  1564 | D:2      | XOM: mild Necr miscast
  1572 | D:2      | XOM: confusion (+ monsters)
  1576 | D:2      | Reached skill level 4 in Axes
  1588 | D:2      | Reached XP level 4. HP: 34/34 MP: 4/4
  2083 | D:3      | XOM: blink monster(s)
  2154 | D:3      | Reached XP level 5. HP: 28/39 MP: 5/5
  2417 | D:3      | Reached skill level 5 in Axes
  2425 | D:3      | XOM: medium Tloc miscast
  2469 | D:3      | XOM: mild Fire miscast
  2516 | D:3      | XOM: vitrification
  2524 | D:3      | XOM: god gift: scroll of teleportation
  2784 | D:3      | XOM: harmless Divn miscast
  2893 | D:3      | XOM: medium Chrm miscast
  3114 | D:3      | XOM: harmless Necr miscast
  3167 | D:3      | Found a basalt altar of Yredelemnul.
  3316 | D:3      | XOM: colour smoke trail
  3477 | D:4      | XOM: mild Pois miscast
  3480 | D:4      | Noticed Pikel
  3480 | D:4      | Noticed a slave
  3481 | D:4      | Noticed a slave
  3483 | D:4      | Noticed a slave
  3483 | D:4      | Noticed Pikel
  3483 | D:4      | Pikel changed into Pikel the brain worm
  3494 | D:4      | Killed Pikel the brain worm
  3494 | D:4      | Reached XP level 6. HP: 41/46 MP: 6/6
  3502 | D:4      | Noticed a freed slave
  3567 | D:4      | XOM: enchant monster (good)
  3590 | D:4      | XOM: harmless Pois miscast
  3591 | D:4      | Found a sand-covered staircase.
  3591 | D:4      | XOM: enchant monster (good)
  3604 | Ossuary  | Entered an ossuary
  3665 | Ossuary  | XOM: god gift: yellow potion
  3719 | Ossuary  | Reached skill level 6 in Axes
  4107 | D:4      | Found a sparkling altar of Nemelex Xobeh.
  4113 | D:4      | Found a glowing golden altar of the Shining One.
  4118 | D:4      | Found a glowing silver altar of Zin.
  4189 | D:4      | XOM: harmless Ice miscast
  4324 | D:4      | Killed a freed slave
  4445 | D:4      | XOM: vitrification
  4554 | D:4      | Killed a freed slave
  4604 | D:5      | Entered Level 5 of the Dungeon
  4608 | D:5      | XOM: divination: detect items
  4633 | D:5      | XOM: confuse monster(s)
  4662 | D:5      | XOM: 4-stop teleportation journey
  4667 | D:5      | XOM: summons 4 friendly demons
  4674 | D:5      | Reached XP level 7. HP: 44/51 MP: 7/7
  4710 | D:5      | XOM: vitrification
  4714 | D:5      | Noticed Grinder
  4721 | D:5      | Found a sparkling altar of Nemelex Xobeh.
  4763 | D:5      | Paralysed by it for 3 turns
  4777 | D:5      | Killed Grinder
  4777 | D:5      | Reached skill level 7 in Axes
  4781 | D:5      | XOM: summons 7 friendly demons
  5023 | D:5      | XOM: enchant monster (good)
  5075 | D:5      | XOM: god gift: 38 gold pieces
  5091 | D:5      | XOM: divination: detect creatures
  5161 | D:5      | Reached skill level 8 in Axes
  5161 | D:5      | Reached XP level 8. HP: 53/58 MP: 8/8
  5396 | D:6      | XOM: colour smoke trail
  5485 | D:6      | Killed Edmund
  5561 | D:6      | Got a brightly glowing helmet
  5565 | D:6      | Identified the +1 helmet of the Other World {Acc+3} (You found it on level 6 of the Dungeon)
  5606 | D:6      | XOM: noise
  5607 | D:6      | Slain by an ice beast

Action                   |  1- 3 |  4- 6 |  7- 9 || total
-------------------------+-------+-------+-------++-------
Melee: Hand axe          |    95 |   270 |   218 ||   583
Evoke: Wand              |       |     5 |     2 ||     7
  Use: Scroll            |     8 |    10 |     4 ||    22
 Stab: Paralysed         |       |     3 |     5 ||     8
       Confused          |       |     3 |     2 ||     5
       Petrified         |       |       |     4 ||     4
